 Dungeon Crawl Stone Soup version 0.28-a0-465-ge2dae52223 (webtiles) character file.

Game seed: 4042874473703709767

967 SkeletonJelly the Spear-Bearer (level 8, -3/58 HPs)
             Began as a Merfolk Chaos Knight on Sept 15, 2021.
             Was a Plaything of Xom.
             Killed by divine providence
             ... invoked by an orc priest
              (11 damage)
             ... on level 6 of the Dungeon.
             The game lasted 00:13:22 (5018 turns).

SkeletonJelly the Spear-Bearer (MfCK)               Turns: 5018, Time: 00:13:23

Health: -3/58      AC:  7    Str: 15    XL:     8   Next: 15%
Magic:  8/8        EV: 12    Int: 11    God:    Xom [*.....]
Gold:   240        SH: 10    Dex: 13    Spells: 7/7 levels left

rFire   . . .      SeeInvis .   a - +1 spear (chaos)
rCold   . . .      Faith    .   g - +0 buckler
rNeg    . . .      Spirit   .   b - +2 leather armour
rPois   .          Reflect  +   (no helmet)
rElec   .          Harm     .   e - +0 cloak
rCorr   .          Rampage  .   i - +0 pair of gloves
Will    .....                   (no boots)
Stlth   +.........              C - amulet of reflection
HPRegen 0.19/turn               (no ring)
MPRegen 0.11/turn               (no ring)

@: no status effects
A: (nimble swimmer 2), mertail
a: Renounce Religion


You were on level 6 of the Dungeon.
You worshipped Xom.
You were a special plaything of Xom.
You visited 1 branch of the dungeon, and saw 6 of its levels.
You also visited: Ossuary.

You collected 240 gold pieces.

Inventory:

Hand Weapons
 a - a +1 spear of chaos (weapon)
 y - a +1 rapier of electrocution
Missiles
 s - 5 curare-tipped darts (quivered)
 z - 3 poisoned darts
 E - a throwing net
Armour
 b - a +2 leather armour (worn)
 e - a +0 cloak (worn)
 g - a +0 buckler (worn)
 i - a +0 pair of gloves (worn)
 q - a +0 scale mail
 w - a +0 plate armour
Jewellery
 x - a ring of wizardry
 C - an amulet of reflection (around neck)
Wands
 B - a wand of acid (9)
Scrolls
 f - a scroll of immolation
 h - 2 scrolls of vulnerability {unknown}
 o - 5 scrolls of identify
 p - 6 scrolls of teleportation
 v - a scroll of enchant armour {unknown}
 A - a scroll of blinking
Potions
 c - 2 potions of degeneration {unknown}
 d - 2 potions of brilliance
 j - a potion of resistance
 k - 3 potions of curing
 l - 3 potions of mutation {unknown}
 m - a potion of magic {unknown}
 n - a potion of ambrosia {unknown}
 r - 2 potions of flight
 t - 4 potions of lignification {unknown}
 u - a potion of heal wounds {unknown}
 D - a potion of might {unknown}
 F - a potion of invisibility {unknown}


   Skills:
 + Level 3.4 Fighting
 - Level 12.0 Polearms
 - Level 0.6 Armour
 - Level 2.6 Dodging
 - Level 4.0 Shields


You had 7 spell levels left.
You didn't know any spells.
Your spell library contained the following spells:

 Spells                   Type           Power      Damage    Failure   Level
 Beastly Appendage        Tmut           0%         N/A       41%         1
 Ensorcelled Hibernation  Hex/Ice        0%         N/A       54%         2
 Wereblood                Tmut           0%         N/A       54%         2
 Dazzling Flash           Conj/Hex       0%         N/A       78%         3
 Ozocubu's Armour         Ice            0%         N/A       78%         3
 Spider Form              Tmut/Pois      0%         N/A       78%         3
 Tukima's Dance           Hex            0%         N/A       78%         3
 Agony                    Necr           0%         N/A       100%        5
 Metabolic Englaciation   Hex/Ice        0%         N/A       100%        5
 Silence                  Hex/Air        0%         N/A       100%        5
 Simulacrum               Ice/Necr       0%         N/A       100%        6


Dungeon Overview and Level Annotations

Branches:
Dungeon (6/15)            Ossuary (visited)
 Temple: D:4-7

Altars:
Vehumet
Wu Jian

Shops:
D:5 =


Innate Abilities, Weirdness & Mutations

((You are quick and stealthy near water. (Stealth+, EV+, Speed+++)))
Your lower body shifts to a powerful aquatic tail in water.


Message History

The steam dragon is lightly wounded.
You barely miss the steam dragon.
The steam dragon is lightly wounded.
You block the steam dragon's attack. x2
The orc priest miscasts a cantrip.
You hit the steam dragon. You burn the steam dragon.
The steam dragon is moderately wounded.
You puncture the steam dragon! You burn the steam dragon.
The steam dragon is heavily wounded.
The steam dragon breathes steam at you. The ball of steam hits you!
A shower of butterflies erupts from you!
The ball of steam misses your butterfly. x2
You hear a shout! x2
You take 15 damage, and have 39/58 hp.
MASSIVE DAMAGE!!
You closely miss the steam dragon.
The steam dragon is heavily wounded.
You are engulfed in a cloud of scalding steam.
Your butterfly is engulfed in a cloud of scalding steam.
Your butterfly dies!
Your butterfly disappears in a puff of smoke!
Your butterfly is engulfed in a cloud of scalding steam.
Your butterfly dies!
Your butterfly disappears in a puff of smoke!
You take 1 damage, and have 38/58 hp.
You closely miss the steam dragon.
The steam dragon is heavily wounded.
You are engulfed in a cloud of scalding steam.
You block the steam dragon's attack. The steam dragon misses you.
You take 1 damage, and have 37/58 hp.
You hit the steam dragon.
The steam dragon is heavily wounded.
You are engulfed in a cloud of scalding steam.
You take 3 damage, and have 34/58 hp.
You barely miss the steam dragon.
The steam dragon is heavily wounded.
The steam dragon barely misses you. The steam dragon claws you.
You take 2 damage, and have 32/58 hp.
You hit the steam dragon. You freeze the steam dragon.
The steam dragon is severely wounded.
You hit the steam dragon.
The steam dragon is severely wounded.
The steam dragon breathes steam at you. The ball of steam hits you!
An orc warrior comes into view. It is wielding a +0 glaive.
The orc warrior shouts!
You take 9 damage, and have 23/58 hp.
You are too injured to fight recklessly!
You are too injured to fight recklessly!
You hit the steam dragon. You freeze the steam dragon.
The steam dragon is almost dead.
You are engulfed in a cloud of scalding steam.
You hit the steam dragon.
The steam dragon is almost dead.
You are engulfed in a cloud of scalding steam.
You block the steam dragon's attack. The steam dragon barely misses you.
You take 5 damage, and have 18/58 hp.
You completely miss the steam dragon.
The steam dragon is almost dead.
You are engulfed in a cloud of scalding steam.
You hit the steam dragon but do no damage.
The steam dragon appears confused.
The steam dragon is almost dead.
You are engulfed in a cloud of scalding steam.
* * * LOW HITPOINT WARNING * * *
You take 4 damage, and have 14/58 hp.
You are engulfed in a cloud of scalding steam.
* * * LOW HITPOINT WARNING * * *
Xom grants you some temporary aid.
The orc priest barely misses your white imp.
The steam dragon bites the orc priest!
The steam dragon closely misses the orc priest.
You take 7 damage, and have 7/58 hp.
You swap places.
What are your orders? t - Shout!
Orders for allies: a - Attack new target. r - Retreat! s - Stop attacking. g - Guard the area. f - Follow me.
Anything else - Cancel.
Gang up on whom?
Press: ? - help, Dir - move target, f - orc priest
Aim: an orc priest, wielding a +0 short sword and wearing a +0 leather armour (heavily wounded) Attack!
The orc priest hits your white imp with a +0 short sword.
The steam dragon barely misses the orc warrior. x2
An orc comes into view. It is wielding a +0 hand axe.
Your white imp closely misses the orc priest.
The orc priest hits your white imp but does no damage.
Your white imp hits the steam dragon but does no damage.
The orc priest barely misses your white imp.
The steam dragon barely misses your white imp. x2
Your white imp closely misses the orc priest.
The orc priest barely misses your white imp.
The steam dragon barely misses your white imp.
The steam dragon claws your white imp but does no damage.
Your white imp hits the orc priest.
Your white imp freezes the orc priest.
The orc priest invokes the aid of Beogh against you.
Beogh smites you!
You die...

#.# #.# #.#
#.# #####.#
#.....#
#.###.# #.#
#5# #.# #@#
############.#
#5#
#............#
#5#
#.############
#5# #.#


#oD #.# ##o# #.# o# #.# .# #.# .# You could see a steam dragon (confused), an
orc warrior, an orc priest (ally target), an orc, a friendly crimson imp
(summoned), 2 friendly white imps and a friendly shadow imp (summoned).

Vanquished Creatures
  Duvessa (D:5)
  An ogre (D:4)
  A scorpion (D:4)
  Dowan (D:5)
  A wyvern skeleton (D:6)
  A jelly (D:5)
  2 orc priests (D:3)
  A hound (D:4)
  Jessica (D:3)
  An iguana (D:5)
  3 mummies (Ossuary)
  6 gnolls
  3 adders
  A white imp (D:5)
  A worm (D:3)
  8 orcs
  12 endoplasms
  2 giant cockroaches (D:2)
  11 goblins
  7 hobgoblins
  12 kobolds
  4 quokkas
  9 ball pythons
  7 bats
  4 frilled lizards
  2 goblin zombies (Ossuary)
  A hobgoblin zombie (Ossuary)
  2 kobold zombies (Ossuary)
  An orc zombie (Ossuary)
  7 rats
114 creatures vanquished.

Vanquished Creatures (collateral kills)
  A bullfrog (D:6)
  An adder (D:6)
2 creatures vanquished.

Vanquished Creatures (others)
  2 fungi (D:1)
  3 plants (D:1)
5 creatures vanquished.

Grand Total: 121 creatures vanquished

Notes
Turn   | Place    | Note
-------+----------+-------------------------------------------
     0 | D:1      | SkeletonJelly the Merfolk Chaos Knight began the quest for
                  | the Orb.
     0 | D:1      | Reached XP level 1. HP: 18/18 MP: 1/1
   114 | D:1      | Reached XP level 2. HP: 20/24 MP: 2/2
   209 | D:1      | Reached skill level 5 in Polearms
   220 | D:1      | Found a faded altar of an unknown god.
   287 | D:1      | Reached skill level 1 in Shields
   729 | D:1      | XOM: silly message
   775 | D:2      | Reached XP level 3. HP: 29/29 MP: 3/3
   793 | D:2      | XOM: cast spell 'Olgreb's Toxic Radiance'
   820 | D:2      | XOM: silly message
   963 | D:2      | Reached skill level 6 in Polearms
  1168 | D:2      | XOM: silly message
  1423 | D:2      | XOM: divination: detect items
  1436 | D:3      | Reached XP level 4. HP: 31/35 MP: 4/4
  1777 | D:3      | XOM: 4-stop teleportation journey
  1780 | D:3      | XOM: cast spell 'Leda's Liquefaction'
  1781 | D:3      | XOM: confuse monster(s)
  1798 | D:3      | XOM: potion effect (might)
  1809 | D:3      | XOM: potion effect (heal wounds)
  1816 | D:3      | Reached skill level 7 in Polearms
  1823 | D:3      | Reached XP level 5. HP: 31/41 MP: 5/5
  2072 | D:3      | Noticed Jessica
  2081 | D:3      | Killed Jessica
  2124 | D:3      | XOM: divination: detect items
  2263 | D:3      | XOM: silly message
  2659 | D:4      | XOM: silly message
  2726 | D:4      | XOM: silly message
  2733 | D:4      | Found a radiant altar of Vehumet.
  2860 | D:4      | XOM: silly message
  2886 | D:4      | Reached skill level 8 in Polearms
  2905 | D:4      | Reached XP level 6. HP: 38/47 MP: 6/6
  3178 | D:5      | Entered Level 5 of the Dungeon
  3185 | D:4      | XOM: butterfly on damage
  3191 | D:4      | Reached skill level 9 in Polearms
  3410 | D:5      | Found Fioqicyi's Jewellery Shop.
  3443 | D:5      | XOM: noise
  3465 | D:4      | XOM: noise
  3473 | D:4      | XOM: divination: magic mapping
  3481 | D:4      | Reached XP level 7. HP: 48/52 MP: 7/7
  3521 | D:5      | Noticed Duvessa
  3528 | D:5      | XOM: silly message
  3528 | D:5      | Killed Duvessa
  3529 | D:5      | Noticed Dowan
  3542 | D:5      | Killed Dowan
  3543 | D:5      | Reached skill level 10 in Polearms
  3617 | D:5      | Found an ornate altar of the Wu Jian Council.
  4011 | D:5      | XOM: divination: detect items
  4312 | D:6      | XOM: 2-stop teleportation journey
  4319 | D:6      | Reached skill level 11 in Polearms
  4323 | D:6      | Found a sand-covered staircase.
  4328 | Ossuary  | Entered an ossuary
  4328 | Ossuary  | Noticed a wraith
  4328 | Ossuary  | Noticed a wraith
  4328 | Ossuary  | Noticed a wraith
  4538 | Ossuary  | Noticed a wraith
  4559 | Ossuary  | Banished a wraith
  4560 | Ossuary  | Reached XP level 8. HP: 42/58 MP: 8/8
  4697 | Ossuary  | Reached skill level 12 in Polearms
  4991 | D:6      | XOM: polymorph scorpion -> steam dragon
  5001 | D:6      | XOM: butterfly on damage
  5012 | D:6      | XOM: summons 4 friendly demons
  5018 | D:6      | Killed from afar by an orc priest

Illustrated notes

Levels and vault maps discovered:
D:1:      dpeg_arrival_rooms_with_view, layout_basic,
          shapermc_ecumenical_altar_gd, hex_intersection
D:2:      layout_loops_ring, minmay_close_crescents
D:3:      cheibrodos_pilgrimage, layout_loops_cross, uniq_jessica
D:4:      layout_loops_ring, nicolae_overflow_crystal_walls
D:5:      layout_rooms, amcnicky_altar_gilded, serial_shops, shop, uniq_duvessa
D:6:      layout_loops_ring, nicolae_ru_great_annihilating_truth,
          enter_ossuary_2, roderic_serpentine_path, uniq_grinder

Skill      XL: |  1  2  3  4  5  6  7  8 |
---------------+-------------------------+-----
Polearms       | 5 6 7 8 9 11 12 | 12.0
Shields        | 1 2 3 4 |  4.0
Fighting       | |  3.4
Armour         | |  0.6
Dodging        | |  2.6

Action                   |  1- 3 |  4- 6 |  7- 9 || total
-------------------------+-------+-------+-------++-------
Melee: Spear             |   119 |   192 |   136 ||   447
Throw: Dart              |       |     2 |    11 ||    13
  Use: Potion            |       |     3 |       ||     3
       Scroll            |       |       |     9 ||     9
 Stab: Sleeping          |     3 |     1 |       ||     4
       Confused          |       |     4 |     1 ||     5
       Distracted        |       |       |     1 ||     1
       Petrifying        |       |       |     1 ||     1
       Paralysed         |       |       |     1 ||     1
Armor: Leather armour    |    28 |    32 |     7 ||    67
Dodge: Dodged            |    52 |    77 |    22 ||   151
Block: Buckler           |     8 |    17 |    21 ||    46

Table legend: (Time is in decaauts)
 A = Elapsed time spent in this place.
 B = Non-inter-level travel time spent in this place.
 C = Inter-level travel time spent in this place.
 D = Time resting spent in this place.
 E = Time spent auto-exploring this place.
 F = Levels seen in this place.
 G = Mean time per level.
                   A        B        C        D        E       F      G
               +--------+--------+--------+--------+--------+-----+--------+
         Total |   4905 |   4782 |    123 |      0 |   3755 |   7 |  700.7 |
       Dungeon |   4336 |   4213 |    123 |      0 |   3267 |   6 |  722.7 |
       Ossuary |    568 |    568 |      0 |      0 |    488 |   1 |  568.0 |
               +--------+--------+--------+--------+--------+-----+--------+

Top non-repeatable levels by time:
     D:3: 1085 daAuts
     D:4: 1030 daAuts
     D:1: 727 daAuts
     D:2: 685 daAuts
     D:5: 619 daAuts
 Ossuary: 568 daAuts
     D:6: 188 daAuts
